 Dungeon Crawl Stone Soup version 0.21.1-1-g345015f (webtiles) character file.

203 Kurtz the Ruffian (level 5, 0/41 HPs)
             Began as a Mummy Monk on Mar 29, 2018.
             Slain by an orc (4 damage)
             ... on level 3 of the Dungeon.
             The game lasted 00:04:26 (6844 turns).

Kurtz the Ruffian (Mummy Monk)                      Turns: 6844, Time: 00:04:26

Health: 0/41       AC:  1    Str: 16    XL:     5   Next: 51%
Magic:  5/5        EV: 13    Int:  9    God:
Gold:   155        SH:  0    Dex: 14    Spells: 4/4 levels left

rFire    x . .     SeeInvis .     - Unarmed
rCold    + . .     Gourm    .   (no shield)
rNeg     + + +     Faith    .   (no armour)
rPois    ∞         Spirit   .   (no helmet)
rElec    .         Reflect  .   (no cloak)
rCorr    .         Harm     .   (no gloves)
MR       .....                  b - +0 pair of boots
Stlth    ++........             (no amulet)
HPRegen  0.13/turn              (no ring)
MPRegen  0.09/turn              (no ring)

@: no status effects
A: no food or potions, fire vulnerability, cold resistance 1, negative energy
resistance 3, torment resistance, unbreathing
a: no special abilities


You were on level 3 of the Dungeon.
You were not hungry.

You visited 1 branch of the dungeon, and saw 4 of its levels.

You collected 155 gold pieces.

Inventory:

Missiles
 i - 12 poisoned needles (quivered)
Armour
 b - a +0 pair of boots (worn)
Scrolls
 a - a scroll of immolation {unknown}
 c - a scroll of random uselessness {unknown}
 d - a scroll of fog {unknown}
 e - 4 scrolls of enchant armour {unknown}
 f - a scroll of amnesia {unknown}
 g - a scroll of identify {unknown}
 h - 2 scrolls of remove curse {unknown}
 j - a scroll of teleportation {unknown}
 k - a scroll of noise {unknown}


   Skills:
 - Level 3.0 Fighting
 - Level 2.4 Dodging
 - Level 1.5 Stealth
 * Level 5.2 Unarmed Combat


You had 4 spell levels left.
You didn't know any spells.

Dungeon Overview and Level Annotations

Branches:
Dungeon (4/15)
 Temple: D:4-7

Altars:
Dithmenos
Hepliaklqana
Makhleb
Ru

Annotations:
D:3 Natasha
D:4 Wesley's ghost, amateur TrHu


Innate Abilities, Weirdness & Mutations

You do not eat or drink.
Your flesh is vulnerable to fire.
You are immune to poison.
Your flesh is cold resistant. (rC+)
You are immune to negative energy. (rN+++)
You are immune to unholy pain and torment.
You can survive without breathing.


Message History

Natasha mumbles some strange words.
Unknown command.
You barely miss the orc.
The orc is almost dead.
The goblin misses you. The orc hits you.
* * * LOW HITPOINT WARNING * * *
Natasha casts a spell.
Unknown command.
The goblin shouts!
You hit the orc but do no damage.
The orc is almost dead.
The goblin hits you with a club.
* * * LOW HITPOINT WARNING * * *
The orc closely misses you.
Unknown command.
Unknown command.
You barely miss the orc.
The orc is almost dead.
The orc hits you.
You die...

........# #>. ....o...# #.#
#.# ....o.o.# #.# #.#
........# #.# #.# ........#
#.# #.# ........###.## #.#
.............# #.#
######.......#####.#
#######@o.........!.÷...
#....##g##.......#####.#
#.......................
#................#####.#
#................# #.#
###..............# #.#
......h.5....).......### #.#
.....5g.......##.......###.#
g.............##............


You could see Natasha, 2 shadow imps, an orc and 2 goblins.

Vanquished Creatures
  7 gnolls (D:2)
  6 adders
  An ooze (D:2)
  3 worms (D:2)
  A dart slug (D:2)
  2 leopard geckos
  10 orcs
  4 giant cockroaches
  4 goblins (D:2)
  2 hobgoblins
  3 jackals (D:3)
  2 quokkas (D:2)
  6 bats
  4 frilled lizards
  2 kobolds (D:1)
  6 rats
63 creatures vanquished.

Notes
Turn   | Place    | Note
-------+----------+-------------------------------------------
     0 | D:1      | Kurtz the Mummy Monk began the quest for the Orb.
     0 | D:1      | Reached XP level 1. HP: 18/18 MP: 1/1
   934 | D:1      | Reached XP level 2. HP: 24/24 MP: 2/2
  1097 | D:1      | Reached skill level 3 in Unarmed Combat
  1479 | D:2      | Reached XP level 3. HP: 5/29 MP: 3/3
  2883 | D:2      | Found a burning altar of Makhleb.
  3720 | D:2      | Reached skill level 4 in Unarmed Combat
  3936 | D:2      | Reached XP level 4. HP: 22/35 MP: 4/4
  4177 | D:2      | Found a faded altar of an unknown god.
  5173 | D:2      | Found a shadowy altar of Dithmenos.
  5174 | D:2      | Found a hazy altar of Hepliaklqana.
  5328 | D:2      | Found a sacrificial altar of Ru.
  5555 | D:3      | Reached XP level 5. HP: 37/41 MP: 5/5
  5913 | D:3      | Reached skill level 5 in Unarmed Combat
  6690 | D:3      | Noticed Natasha
  6821 | D:4      | Noticed Wesley's ghost (amateur TrHu)
  6844 | D:3      | Slain by an orc

Skill      XL: |  1  2  3  4  5 |
---------------+----------------+-----
Unarmed Combat | 3 4 5 |  5.2
Fighting       | |  3.0
Dodging        | |  2.4
Stealth        | |  1.5

Action                   |  1- 3 |  4- 6 || total
-------------------------+-------+-------++-------
Melee: Unarmed           |   113 |   181 ||   294
       Punch             |     2 |     5 ||     7
  Use: Scroll            |     2 |       ||     2
 Stab: Sleeping          |     5 |     2 ||     7
Armor: Skin              |       |     6 ||     6
Dodge: Dodged            |    72 |   137 ||   209
